 Dungeon Crawl Stone Soup version 0.29-a0-90-gc37658a0fe (webtiles) character file.

Game seed: 12607230635705824998

4782 enile the Cruncher (level 10, -2/118 HPs)
             Began as a Gnoll Wanderer on Feb 6, 2022.
             Was a Priest of Trog.
             Slain by a vampire mosquito (5 damage)
             ... on level 11 of the Dungeon.
             The game lasted 00:13:25 (10203 turns).

enile the Cruncher (Gnoll Wanderer)                Turns: 10203, Time: 00:13:25

Health: -2/118     AC: 14    Str: 13    XL:     10   Next: 47%
Magic:  17/17      EV:  5    Int:  9    God:    Trog [***...]
Gold:   576        SH:  6    Dex: 17    Spells: 19/19 levels left

rFire   . . .      SeeInvis +   x - +4 flail (vorpal)
rCold   . . .      Faith    .   l - +0 buckler
rNeg    . . .      Spirit   .   B - +0 plate armour
rPois   .          Reflect  .   k - +2 hat
rElec   .          Harm     .   (no cloak)
rCorr   .          Rampage  .   (no gloves)
Will    .....                   (no boots)
Stlth   ..........              (no amulet)
HPRegen 0.29/turn               e - ring of see invisible
MPRegen 0.15/turn               (no ring)

@: berserking, very quick
A: fangs 1, strong nose, distributed training
a: Renounce Religion, Berserk, Trog's Hand


You were on level 11 of the Dungeon.
You worshipped Trog.
Trog was most pleased with you.
You visited 1 branch of the dungeon, and saw 9 of its levels.

You collected 576 gold pieces.

Inventory:

Hand Weapons
 a - a +2 short sword
 b - a +0 quarterstaff
 f - a +2 quarterstaff of chaos
 r - a +3 war axe of electrocution
 u - a +0 morningstar
 x - a +4 vorpal flail (weapon)
 C - a +1 vampiric halberd
Missiles
 E - 7 poisoned darts (quivered)
 G - 5 boomerangs
 K - 2 throwing nets
Armour
 d - a +0 robe
 g - a +0 leather armour
 k - a +2 hat (worn)
 l - a +0 buckler (worn)
 m - a +0 ring mail
 p - a +0 leather armour
 w - a +0 cloak
 B - a +0 plate armour (worn)
Jewellery
 e - a ring of see invisible (left hand)
Wands
 c - a wand of polymorph (1)
 v - a wand of mindburst (18)
 F - a wand of paralysis (6)
Scrolls
 n - 2 scrolls of enchant weapon
 o - 2 scrolls of noise
 q - a scroll of fog
 t - 3 scrolls of teleportation
 y - a scroll of immolation {unknown}
 A - a scroll of amnesia {unknown}
 H - a scroll of vulnerability {unknown}
 I - 2 scrolls of enchant armour {unknown}
 L - a scroll of blinking {unknown}
 N - a scroll of torment {unknown}
Potions
 h - 3 potions of cancellation {unknown}
 i - 2 potions of might
 j - a potion of haste {unknown}
 s - a potion of brilliance {unknown}
 z - a potion of heal wounds
 D - 2 potions of degeneration {unknown}
 J - a potion of attraction {unknown}
 M - a potion of invisibility {unknown}


   Skills:
 + Level 7.1 Fighting
 + Level 8.5 Short Blades
 + Level 5.3 Long Blades
 + Level 5.3 Axes
 + Level 5.3 Maces & Flails
 + Level 5.3 Polearms
 + Level 8.5 Staves
 + Level 5.3 Slings
 + Level 5.3 Bows
 + Level 5.3 Crossbows
 + Level 5.3 Throwing
 + Level 5.3 Armour
 + Level 5.3 Dodging
 + Level 5.3 Stealth
 + Level 5.3 Shields
 + Level 5.3 Unarmed Combat
 + Level 5.3 Spellcasting
 + Level 4.4 Conjurations
 + Level 4.4 Hexes
 + Level 4.4 Summonings
 + Level 4.4 Necromancy
 + Level 4.4 Translocations
 + Level 4.4 Transmutations
 + Level 4.4 Fire Magic
 + Level 4.4 Ice Magic
 + Level 4.4 Air Magic
 + Level 4.4 Earth Magic
 + Level 4.4 Poison Magic
 + Level 5.8 Invocations
 + Level 7.1 Evocations


You had 19 spell levels left.
You didn't know any spells.
Your spell library was empty.

Dungeon Overview and Level Annotations

Branches:
Dungeon (11/15)            Temple (0/1) D:5
   Lair: D:8-11         Orc: D:9-12

Altars:
Cheibriados
Elyvilon
Sif Muna
Trog
Zin

Shops:
D:1 *


Innate Abilities, Weirdness & Mutations

You have very sharp teeth.
Your uncanny sense of smell can sniff out nearby items.
Your experience applies equally to all skills.


Message History

The vampire mosquito draws strength from your injuries!
The vampire mosquito bites you but does no damage. x2
You barely miss the vampire mosquito. The vampire mosquito bites you!
* * * LOW HITPOINT WARNING * * *
The vampire mosquito draws strength from your injuries!
The vampire mosquito bites you.
* * * LOW HITPOINT WARNING * * *
The vampire mosquito draws strength from your injuries!
The vampire mosquito bites you but does no damage.
The vampire mosquito barely misses you. The vampire mosquito bites you.
* * * LOW HITPOINT WARNING * * *
The vampire mosquito draws strength from your injuries!
Okay, then.
You are too berserk!
You thump the vampire mosquito!
The vampire mosquito is heavily damaged.
The vampire mosquito bites you but does no damage.
The vampire mosquito bites you.
* * * LOW HITPOINT WARNING * * *
The vampire mosquito draws strength from your injuries!
The vampire mosquito bites you but does no damage.
You closely miss the vampire mosquito.
The vampire mosquito is heavily damaged.
The vampire mosquito bites you but does no damage.
You block the vampire mosquito's attack.
The vampire mosquito bites you!
* * * LOW HITPOINT WARNING * * *
The vampire mosquito draws strength from your injuries!
The vampire mosquito bites you but does no damage.
You thump the vampire mosquito!
The vampire mosquito is almost destroyed.
The vampire mosquito bites you.
* * * LOW HITPOINT WARNING * * *
The vampire mosquito draws strength from your injuries!
The vampire mosquito bites you!
* * * LOW HITPOINT WARNING * * *
The vampire mosquito draws strength from your injuries!
The vampire mosquito bites you but does no damage. x2
The vampire mosquito bites you.
You die...

#....###..........#..>...
#.................#......
#.................#......
#.........####'####......
.####....+..............
#....#..............
#....#..............
.####....#..............
.......@.#..............
......yyy#..............
....#....#......##+#####
....#....#......#.......
... #....#......#.......
.. #....########.......
...... ....... .......
.###+##


You could see 3 vampire mosquitoes.

Vanquished Creatures
  Harold (D:6)
  A two-headed ogre (D:11)
  A kobold demonologist (D:6)
  A steam dragon (D:4)
  An ice beast (D:6)
  2 sky beasts
  A black bear (D:5)
  A necrophage (D:5)
  2 ogres (D:5)
  2 centaurs (D:7)
  3 phantoms
  2 gnoll sergeants
  3 kobold brigands
  3 bullfrogs
  A water moccasin zombie (D:3)
  2 scorpions (D:6)
  A water moccasin skeleton (D:7)
  3 wights (D:6)
  A howler monkey (D:7)
  2 centaur zombies
  3 jellies
  A quasit (D:5)
  Crazy Yiuf (D:3)
  A hound (D:5)
  A centaur skeleton (D:3)
  An orc priest (D:5)
  A gnoll shaman (D:5)
  Terence (D:3)
  5 orc wizards
  2 iguanas
  A hound skeleton (D:4)
  A howler monkey skeleton (D:4)
  20 gnolls
  8 adders
  3 white imps
  An ufetubus (D:5)
  An adder zombie (D:5)
  An adder skeleton (D:5)
  2 worms (D:2)
  3 dart slugs
  22 orcs
  10 bats
  11 endoplasms
  8 giant cockroaches
  11 goblins
  5 hobgoblins
  2 jackals (D:1)
  14 kobolds
  3 quokkas
  6 ball pythons
  2 frilled lizards (D:2)
  4 rats
190 creatures vanquished.

Vanquished Creatures (others)
  3 orcs (D:6)
3 creatures vanquished.

Grand Total: 193 creatures vanquished

Notes
Turn   | Place    | Note
-------+----------+-------------------------------------------
     0 | D:1      | enile the Gnoll Wanderer began the quest for the Orb.
     0 | D:1      | enile set off with the following items: a +2 short sword, a
                  | +0 quarterstaff, a wand of polymorph (3), a +0 robe
     0 | D:1      | Reached XP level 1. HP: 20/20 MP: 1/1
    66 | D:1      | Reached XP level 2. HP: 26/26 MP: 2/2
   306 | D:1      | Reached XP level 3. HP: 29/31 MP: 3/3
   478 | D:1      | Found Ivou's General Store.
   815 | D:2      | Reached skill level 1 in Invocations
   816 | D:2      | Found a faded altar of an unknown god.
   839 | D:2      | Prayed at the altar of an unknown god.
   839 | D:2      | Became a worshipper of Trog the Wrathful
   839 | D:2      | Reached * piety under Trog
  1075 | D:2      | Reached skill level 1 in Long Blades
  1075 | D:2      | Reached skill level 1 in Axes
  1075 | D:2      | Reached skill level 1 in Maces & Flails
  1075 | D:2      | Reached skill level 1 in Polearms
  1075 | D:2      | Reached skill level 1 in Slings
  1075 | D:2      | Reached skill level 1 in Bows
  1075 | D:2      | Reached skill level 1 in Crossbows
  1075 | D:2      | Reached skill level 1 in Throwing
  1075 | D:2      | Reached skill level 1 in Armour
  1075 | D:2      | Reached skill level 1 in Dodging
  1075 | D:2      | Reached skill level 1 in Stealth
  1075 | D:2      | Reached skill level 1 in Shields
  1075 | D:2      | Reached skill level 1 in Unarmed Combat
  1075 | D:2      | Reached skill level 1 in Spellcasting
  1075 | D:2      | Reached XP level 4. HP: 37/38 MP: 5/5
  1665 | D:2      | Reached skill level 1 in Conjurations
  1665 | D:2      | Reached skill level 1 in Hexes
  1665 | D:2      | Reached skill level 1 in Summonings
  1665 | D:2      | Reached skill level 1 in Necromancy
  1665 | D:2      | Reached skill level 1 in Translocations
  1665 | D:2      | Reached skill level 1 in Transmutations
  1665 | D:2      | Reached skill level 1 in Fire Magic
  1665 | D:2      | Reached skill level 1 in Ice Magic
  1665 | D:2      | Reached skill level 1 in Air Magic
  1665 | D:2      | Reached skill level 1 in Earth Magic
  1665 | D:2      | Reached skill level 1 in Poison Magic
  1834 | D:3      | Reached XP level 5. HP: 41/43 MP: 6/6
  2059 | D:3      | Reached ** piety under Trog
  2259 | D:3      | Reached XP level 6. HP: 48/50 MP: 8/8
  2814 | D:3      | Noticed Terence
  2821 | D:3      | Killed Terence
  2867 | D:3      | Reached skill level 5 in Fighting
  2867 | D:3      | Reached skill level 5 in Evocations
  3026 | D:3      | Found a runed translucent door.
  3027 | D:3      | Noticed Crazy Yiuf
  3047 | D:3      | Killed Crazy Yiuf
  3056 | D:3      | HP: 2/49 [poisoned by Crazy Yiuf]
  3549 | D:4      | Noticed Edmund
  3556 | D:4      | Noticed Edmund
  3556 | D:4      | Edmund changed into Edmund the steam dragon
  3561 | D:4      | Killed Edmund the steam dragon
  3562 | D:4      | Reached XP level 7. HP: 24/56 MP: 10/10
  4423 | D:5      | Entered Level 5 of the Dungeon
  4770 | D:5      | Reached XP level 8. HP: 38/63 MP: 12/12
  4989 | D:5      | Noticed Grinder
  4992 | D:5      | Noticed Grinder
  4992 | D:5      | Grinder changed into Grinder the quasit
  5002 | D:5      | Killed Grinder the quasit
  5707 | D:5      | Found a staircase to the Ecumenical Temple.
  5899 | D:6      | Noticed a kobold demonologist
  6269 | D:5      | Reached *** piety under Trog
  6912 | D:6      | Reached XP level 9. HP: 69/69 MP: 14/14
  6959 | D:6      | Noticed an orange demon
  6962 | D:6      | Noticed a smoke demon
  6971 | D:6      | Killed a kobold demonologist
  7738 | D:6      | Found a snail-covered altar of Cheibriados.
  7738 | D:6      | Found a white marble altar of Elyvilon.
  7982 | D:7      | Found a shimmering blue altar of Sif Muna.
  7982 | D:7      | Noticed Harold
  8255 | D:6      | Killed Harold
  8256 | D:6      | Reached skill level 5 in Invocations
  8577 | D:7      | Reached XP level 10. HP: 77/77 MP: 17/17
  8817 | D:7      | Found a glowing silver altar of Zin.
  9153 | D:7      | Reached skill level 5 in Long Blades
  9153 | D:7      | Reached skill level 5 in Axes
  9153 | D:7      | Reached skill level 5 in Maces & Flails
  9153 | D:7      | Reached skill level 5 in Polearms
  9153 | D:7      | Reached skill level 5 in Slings
  9153 | D:7      | Reached skill level 5 in Bows
  9153 | D:7      | Reached skill level 5 in Crossbows
  9153 | D:7      | Reached skill level 5 in Throwing
  9153 | D:7      | Reached skill level 5 in Armour
  9153 | D:7      | Reached skill level 5 in Dodging
  9153 | D:7      | Reached skill level 5 in Stealth
  9153 | D:7      | Reached skill level 5 in Shields
  9153 | D:7      | Reached skill level 5 in Unarmed Combat
  9153 | D:7      | Reached skill level 5 in Spellcasting
  9855 | D:8      | You fall into a shaft and drop 3 floors!
  9877 | D:11     | Noticed a two-headed ogre
  9903 | D:11     | Killed a two-headed ogre
 10203 | D:11     | HP: 3/118 [vampire mosquito (9)]
 10203 | D:11     | Slain by a vampire mosquito

Illustrated notes

Levels and vault maps discovered:
D:1:      psy_arrival_dodecagon, layout_basic, serial_shops, shop,
          minmay_worlds_worst_comb
D:2:      layout_basic, hellmonk_ecumenical_altar_arch_garden
D:3:      layout_basic, uniq_terence, uniq_crazy_yiuf_cottage
D:4:      layout_basic, uniq_edmund
D:5:      layout_rooms, lemuel_temple_firewalk_b, uniq_grinder
D:6:      layout_cave_pools, gammafunk_temple_overflow_statue,
          lemuel_flamethrower_2
D:7:      layout_gridville, hangedman_feature_mirror, uniq_harold
D:8:      layout_cave_pools, serial_rivers, chequers_serial_rivers_micro_a,
          chequers_serial_rivers_small_3, chequers_serial_rivers_small_3,
          chequers_serial_rivers_micro_e, chequers_serial_rivers_room_b,
          nrook_mini_vaults, hex_tiny
D:11:     layout_stronghold

Skill      XL: |  1  2  3  4  5  6  7  8  9 10 |
---------------+-------------------------------+-----
Invocations    | 1 2 3 4 5 |  5.8
Long Blades    | 1 2 3 4 5 |  5.3
Axes           | 1 2 3 4 5 |  5.3
Maces & Flails | 1 2 3 4 5 |  5.3
Polearms       | 1 2 3 4 5 |  5.3
Slings         | 1 2 3 4 5 |  5.3
Bows           | 1 2 3 4 5 |  5.3
Crossbows      | 1 2 3 4 5 |  5.3
Throwing       | 1 2 3 4 5 |  5.3
Armour         | 1 2 3 4 5 |  5.3
Dodging        | 1 2 3 4 5 |  5.3
Stealth        | 1 2 3 4 5 |  5.3
Shields        | 1 2 3 4 5 |  5.3
Unarmed Combat | 1 2 3 4 5 |  5.3
Spellcasting   | 1 2 3 4 5 |  5.3
Conjurations   | 1 2 3 4 |  4.4
Hexes          | 1 2 3 4 |  4.4
Summonings     | 1 2 3 4 |  4.4
Necromancy     | 1 2 3 4 |  4.4
Translocations | 1 2 3 4 |  4.4
Transmutations | 1 2 3 4 |  4.4
Fire Magic     | 1 2 3 4 |  4.4
Ice Magic      | 1 2 3 4 |  4.4
Air Magic      | 1 2 3 4 |  4.4
Earth Magic    | 1 2 3 4 |  4.4
Poison Magic   | 1 2 3 4 |  4.4
Fighting       | 5 6 7 |  7.1
Evocations     | 5 6 7 |  7.1
Short Blades   | 7 8 |  8.5
Staves         | 7 8 |  8.5

Action                   |  1- 3 |  4- 6 |  7- 9 | 10-12 || total
-------------------------+-------+-------+-------+-------++-------
Melee: Short sword       |    94 |    99 |       |       ||   193
       Bite              |    12 |    15 |    25 |    13 ||    65
       Punch             |     1 |       |       |       ||     1
       War axe           |       |    63 |       |       ||    63
       Flail             |       |       |   282 |    88 ||   370
Throw: Boomerang         |       |     6 |     6 |       ||    12
       Dart              |       |       |    11 |    17 ||    28
Invok: Berserk           |       |     1 |     4 |     1 ||     6
       Trog's Hand       |       |       |     1 |       ||     1
Evoke: Wand              |       |     1 |     1 |       ||     2
  Use: Scroll            |       |     3 |     2 |       ||     5
 Stab: Sleeping          |     2 |       |       |       ||     2
       Distracted        |       |     1 |       |       ||     1
Armor: Robe              |    16 |       |       |       ||    16
       Leather armour    |     7 |     4 |       |       ||    11
       Ring mail         |       |    36 |     7 |       ||    43
       Plate armour      |       |       |   303 |    95 ||   398
Dodge: Dodged            |    50 |    73 |    62 |    27 ||   212
Block: Buckler           |       |    22 |    86 |    37 ||   145

Table legend: (Time is in decaauts)
 A = Elapsed time spent in this place.
 B = Non-inter-level travel time spent in this place.
 C = Inter-level travel time spent in this place.
 D = Time resting spent in this place.
 E = Time spent auto-exploring this place.
 F = Levels seen in this place.
 G = Mean time per level.
                   A        B        C        D        E       F      G
               +--------+--------+--------+--------+--------+-----+--------+
         Total |  10313 |   9994 |    319 |   1551 |   6787 |   9 | 1145.9 |
       Dungeon |  10313 |   9994 |    319 |   1551 |   6787 |   9 | 1145.9 |
               +--------+--------+--------+--------+--------+-----+--------+

Top non-repeatable levels by time:
     D:5: 2443 daAuts
     D:6: 1749 daAuts
     D:3: 1603 daAuts
     D:7: 1170 daAuts
     D:4: 1037 daAuts
     D:2: 1001 daAuts
     D:1: 771 daAuts
    D:11: 348 daAuts
     D:8: 188 daAuts
